3A
GRAND FORKS CATERPILLARS @ KENNESAW JETS
07/10/2042
 
TOP OF THE 1ST
Grand Forks Caterpillars batting - Pitching for Kennesaw Jets : LHP Greg Stengel
Pitching: LHP Greg Stengel
Batting: LHB António Cruz 0-0: Ball
1-0: Ground out 6-3 (Groundball, 6M, EV 103.1 MPH)
Batting: LHB Jorge Cruz 0-0: Fly out, F9 (Flyball, 9LS, EV 89.4 MPH)
Batting: LHB Tokaji Mizuno 0-0: Ball
1-0: Ball
2-0: Ground out 6-3 (Groundball, 6, EV 81.9 MPH)
Top of the 1st over - 0 runs, 0 hits, 0 errors, 0 left on base; Grand Forks 0 - Kennesaw 0
BOTTOM OF THE 1ST
Kennesaw Jets batting - Pitching for Grand Forks Caterpillars : LHP Raúl González
Pitching: LHP Raúl González
Batting: RHB Jack Plumb 0-0: Called Strike
0-1: Ball
1-1: Called Strike
1-2: Foul Ball, location: 2F
1-2: Fly out, F7 (Flyball, 7, EV 96.9 MPH)
Batting: RHB Will Gamble 0-0: Ball
1-0: Fly out, F9 (Flyball, 9D, EV 94.4 MPH)
Batting: RHB Pancho Hernández 0-0: Called Strike
0-1: Called Strike
0-2: Ball
1-2: Ball
2-2: Fly out, F7 (Flyball, 7S, EV 87.5 MPH)
Bottom of the 1st over - 0 runs, 0 hits, 0 errors, 0 left on base; Grand Forks 0 - Kennesaw 0
TOP OF THE 2ND
Grand Forks Caterpillars batting - Pitching for Kennesaw Jets : LHP Greg Stengel
Batting: SHB Tomás Sánchez 0-0: Ball
1-0: Ball
2-0: Called Strike
2-1: DOUBLE (Flyball, 8LXD, EV 94.4 MPH)
Batting: LHB Kelvin Schmidt 0-0: Foul Ball, location: 2F
0-1: Ground out 6-3 (Groundball, 56D, EV 105.0 MPH)
Batting: RHB Markus Lindsey 0-0: Called Strike
0-1: Foul Ball, location: 2F
0-2: Foul Ball, location: 2F
0-2: Ball
1-2: Strikes out swinging
Batting: RHB Roberto Guerrero 0-0: Swinging Strike
0-1: Called Strike
0-2: Ball
1-2: SINGLE (Line Drive, 4MD, EV 94.4 MPH)
Tomás Sánchez to third
Runner from 3rd tries for Home, SAFE, no throw by CF
Batting: RHB Cliff Riley 0-0: Ball
1-0: Ball
2-0: Fly out, F9 (Flyball, 9S, EV 85.0 MPH)
Top of the 2nd over - 1 run, 2 hits, 0 errors, 1 left on base; Grand Forks 1 - Kennesaw 0
BOTTOM OF THE 2ND
Kennesaw Jets batting - Pitching for Grand Forks Caterpillars : LHP Raúl González
Batting: RHB Rubén Nuañez 0-0: Ball
1-0: SINGLE (Groundball, 6MD, EV 95.0 MPH)
Batting: LHB Steve Hodge 0-0: Foul Ball, location: 2F
0-1: Ball
1-1: Ball
2-1: Foul Ball, location: 2F
2-2: Foul Ball, location: 2F
2-2: Ball
3-2: Foul Ball, location: 2F
3-2: Hit by Pitch
Rubén Nuañez to second
Batting: RHB Pepe Rodríguez 0-0: Ball
1-0: Ball
2-0: Fielders Choice at 2nd, 1-4 (Groundball, 25, EV 88.1 MPH)
Rubén Nuañez to third
Batting: LHB Adrian Beard 0-0: Called Strike
0-1: Ball
1-1: Foul Ball, location: 2F
1-2: Foul Ball, location: 2F
1-2: Ball
2-2: Fly out, F8 (Flyball, 8LD, EV 86.9 MPH)
Runner from 3rd tags up, SCORES, throw by CF
Batting: RHB Wally Harrison 0-0: Swinging Strike
0-1: Foul Ball, location: 2F
0-2: Ball
1-2: Foul Ball, location: 2F
1-2: Ball
2-2: Ball
3-2: SINGLE (Flyball, 8RS, EV 98.1 MPH)
Pepe Rodríguez to second
Pepe Rodríguez to third
Batting: LHB José Costa 0-0: Called Strike
0-1: Swinging Strike
0-2: Ball
1-2: SINGLE (Line Drive, 8LS, EV 100.0 MPH)
Pepe Rodríguez scores
Wally Harrison to second
Runner from 2nd tries for 3rd, SAFE, throw by CF made to third
Batting: RHB Jack Plumb 0-0: Foul Ball, location: 2F
0-1: Ball
1-1: SINGLE (Flyball, 89M, EV 93.8 MPH)
Wally Harrison scores
José Costa to second
Runner from 2nd tries for 3rd, SAFE, no throw by RF
Batting: RHB Will Gamble 0-0: Ball
1-0: Fly out, F9 (Flyball, 89S, EV 91.9 MPH)
Bottom of the 2nd over - 3 runs, 4 hits, 0 errors, 2 left on base; Grand Forks 1 - Kennesaw 3
TOP OF THE 3RD
Grand Forks Caterpillars batting - Pitching for Kennesaw Jets : LHP Greg Stengel
Batting: RHB Dave Horn 0-0: Ball
1-0: Ball
2-0: Called Strike
2-1: Ball
3-1: Base on Balls
Batting: LHB António Cruz 0-0: Foul Ball, location: 2F
0-1: Ball
1-1: SINGLE (Groundball, 4MD, EV 98.8 MPH)
Dave Horn to second
Runner from 2nd tries for 3rd, SAFE, throw by CF made to third
Batting: LHB Jorge Cruz 0-0: Ball
1-0: Called Strike
1-1: Foul Ball, location: 2F
1-2: Ball
2-2: Foul Ball, location: 2F
2-2: Foul Ball, location: 2F
2-2: Ball
3-2: Fly out, F6 (Popup, 6, EV 70.6 MPH)
Batting: LHB Tokaji Mizuno 0-0: Ball
1-0: Grounds into double play, 1-4-3 (Groundball, 15S, EV 68.8 MPH)
Top of the 3rd over - 0 runs, 1 hit, 0 errors, 1 left on base; Grand Forks 1 - Kennesaw 3
BOTTOM OF THE 3RD
Kennesaw Jets batting - Pitching for Grand Forks Caterpillars : LHP Raúl González
Batting: RHB Pancho Hernández 0-0: Foul Ball, location: 2F
0-1: Ball
1-1: Ball
2-1: SINGLE (Line Drive, 89M, EV 98.1 MPH)
Batting: RHB Rubén Nuañez 0-0: Ball
1-0: Called Strike
1-1: Ball
2-1: SINGLE (Groundball, 6MD, EV 106.9 MPH)
Pancho Hernández to second
Batting: LHB Steve Hodge 0-0: Fly out, F9 (Flyball, 9, EV 90.0 MPH)
Batting: RHB Pepe Rodríguez 0-0: Called Strike
0-1: Fly out, F7 (Line Drive, 7D, EV 90.0 MPH)
Batting: LHB Adrian Beard 0-0: Ball
1-0: Foul Ball, location: 2F
1-1: Ball
2-1: Called Strike
2-2: Ball
3-2: Strikes out swinging
Bottom of the 3rd over - 0 runs, 2 hits, 0 errors, 2 left on base; Grand Forks 1 - Kennesaw 3
TOP OF THE 4TH
Grand Forks Caterpillars batting - Pitching for Kennesaw Jets : LHP Greg Stengel
Batting: SHB Tomás Sánchez 0-0: Ground out 6-3 (Groundball, 6, EV 104.4 MPH)
Batting: LHB Kelvin Schmidt 0-0: Called Strike
0-1: Swinging Strike
0-2: Ball
1-2: SINGLE (Flyball, 9S, EV 92.5 MPH)
Batting: RHB Markus Lindsey 0-0: Called Strike
0-1: Ball
1-1: Ball
2-1: Fielders Choice at 2nd, 5-4 (Groundball, 56, EV 105.0 MPH)
Batting: RHB Roberto Guerrero 0-0: Called Strike
Markus Lindsey steals 2nd base
0-1: Ball
1-1: Fly out, F8 (Flyball, 8LD, EV 105.0 MPH)
Top of the 4th over - 0 runs, 1 hit, 0 errors, 1 left on base; Grand Forks 1 - Kennesaw 3
BOTTOM OF THE 4TH
Kennesaw Jets batting - Pitching for Grand Forks Caterpillars : LHP Raúl González
Batting: RHB Wally Harrison 0-0: Ball
1-0: Ball
2-0: Called Strike
2-1: Ball
3-1: SINGLE (Line Drive, 3D, EV 99.4 MPH)
Batting: LHB José Costa 0-0: Ball
1-0: Called Strike
1-1: Swinging Strike
1-2: Foul Ball, location: 2F
1-2: Strikes out swinging
Batting: RHB Jack Plumb 0-0: 2-RUN HOME RUN (Flyball, 78XD, EV 86.9 MPH), Distance : 396 ft
Pitching: RHP Itze Pankhurst
Batting: RHB Will Gamble 0-0: Foul Ball, location: 2F
0-1: Ball
1-1: Foul Ball, location: 2F
1-2: Ball
2-2: Ground out 6-3 (Groundball, 6MS, EV 89.4 MPH)
Batting: RHB Pancho Hernández 0-0: Ball
1-0: Fly out, F8 (Flyball, 78M, EV 91.9 MPH)
Bottom of the 4th over - 2 runs, 2 hits, 0 errors, 0 left on base; Grand Forks 1 - Kennesaw 5
TOP OF THE 5TH
Grand Forks Caterpillars batting - Pitching for Kennesaw Jets : LHP Greg Stengel
Batting: RHB Cliff Riley 0-0: Ground out 6-3 (Groundball, 6S, EV 76.9 MPH)
Batting: RHB Dave Horn 0-0: SINGLE (Line Drive, 7S, EV 88.8 MPH)
Batting: LHB António Cruz 0-0: Called Strike
0-1: Fielders Choice at 2nd, 3-6 (Groundball, 34, EV 89.4 MPH)
Batting: LHB Jorge Cruz 0-0: Ball
1-0: SINGLE (Groundball, 4MD, EV 102.5 MPH)
António Cruz to second
Runner from 2nd tries for 3rd, OUT after rundown.
Top of the 5th over - 0 runs, 2 hits, 0 errors, 1 left on base; Grand Forks 1 - Kennesaw 5
BOTTOM OF THE 5TH
Kennesaw Jets batting - Pitching for Grand Forks Caterpillars : RHP Itze Pankhurst
Batting: RHB Rubén Nuañez 0-0: Ball
1-0: Called Strike
1-1: Swinging Strike
1-2: Ball
2-2: Fly out, F8 (Line Drive, 8LD, EV 109.4 MPH)
Batting: LHB Steve Hodge 0-0: Ball
1-0: Ball
2-0: Foul Ball, location: 2F
2-1: Swinging Strike
2-2: Fly out, F7 (Flyball, 78D, EV 85.0 MPH)
Batting: RHB Pepe Rodríguez 0-0: Ball
1-0: Called Strike
1-1: SINGLE (Groundball, 34D, EV 106.2 MPH)
Batting: LHB Adrian Beard 0-0: Called Strike
0-1: Ball
Wild Pitch!
Pepe Rodríguez to second
1-1: Ball
2-1: Swinging Strike
2-2: Strikes out swinging
Bottom of the 5th over - 0 runs, 1 hit, 0 errors, 1 left on base; Grand Forks 1 - Kennesaw 5
TOP OF THE 6TH
Grand Forks Caterpillars batting - Pitching for Kennesaw Jets : LHP Greg Stengel
Batting: LHB Tokaji Mizuno 0-0: Foul Ball, location: 2F
0-1: Ball
1-1: Swinging Strike
1-2: Strikes out looking
Batting: SHB Tomás Sánchez 0-0: Called Strike
0-1: Fly out, F7 (Line Drive, 7D, EV 105.6 MPH)
Batting: LHB Kelvin Schmidt 0-0: Ball
1-0: Swinging Strike
1-1: Ball
2-1: Ground out 4-3 (Groundball, 4, EV 104.4 MPH)
Top of the 6th over - 0 runs, 0 hits, 0 errors, 0 left on base; Grand Forks 1 - Kennesaw 5
BOTTOM OF THE 6TH
Kennesaw Jets batting - Pitching for Grand Forks Caterpillars : RHP Itze Pankhurst
Batting: RHB Wally Harrison 0-0: Swinging Strike
0-1: Ball
1-1: Foul Ball, location: 2F
1-2: Ball
2-2: Foul Ball, location: 2F
2-2: SINGLE (Flyball, 8RS, EV 93.8 MPH)
Batting: LHB José Costa 0-0: Ball
1-0: Foul Ball, location: 2F
1-1: Foul Ball, location: 2F
1-2: Fly out, F8 (Flyball, 8LXD, EV 98.1 MPH)
Batting: RHB Jack Plumb 0-0: SINGLE (Line Drive, 56D, EV 100.6 MPH)
Wally Harrison to second
Batting: RHB Will Gamble 0-0: Ball
1-0: Ball
2-0: Foul Ball, location: 2F
2-1: Foul Ball, location: 2F
2-2: Foul Ball, location: 2F
2-2: Ball
3-2: Strikes out swinging
Batting: RHB Pancho Hernández 0-0: Called Strike
0-1: Ball
1-1: Ball
2-1: Foul Ball, location: 2F
2-2: Ball
3-2: SINGLE (Groundball, 56D, EV 103.1 MPH)
Wally Harrison to third
Jack Plumb to second
Wally Harrison scores
Jack Plumb to third
Batting: RHB Rubén Nuañez 0-0: Called Strike
0-1: TRIPLE (Line Drive, 89XD, EV 99.4 MPH)
Jack Plumb scores
Pancho Hernández scores
Batting: LHB Steve Hodge 0-0: Called Strike
0-1: Foul Ball, location: 2F
0-2: Foul Ball, location: 2F
0-2: Ball
1-2: Foul Ball, location: 2F
1-2: Foul Ball, location: 2F
1-2: SINGLE (Line Drive, 78S, EV 95.0 MPH)
Rubén Nuañez scores
Batting: RHB Pepe Rodríguez 0-0: Swinging Strike
0-1: Called Strike
0-2: Ball
1-2: Strikes out looking
Bottom of the 6th over - 4 runs, 5 hits, 0 errors, 1 left on base; Grand Forks 1 - Kennesaw 9
TOP OF THE 7TH
Grand Forks Caterpillars batting - Pitching for Kennesaw Jets : LHP Greg Stengel
Batting: RHB Markus Lindsey 0-0: Called Strike
0-1: Ball
1-1: Foul Ball, location: 2F
1-2: Foul Ball, location: 2F
1-2: Ball
2-2: Foul Ball, location: 2F
2-2: Ground out 5-3 (Groundball, 5S, EV 84.4 MPH)
Pinch Hitting: RHB Miguel Bravo 0-0: Foul Ball, location: 2F
0-1: Swinging Strike
0-2: Ball
1-2: Ball
2-2: Ball
3-2: Strikes out swinging
Batting: RHB Cliff Riley 0-0: Ball
1-0: Swinging Strike
1-1: SINGLE (Groundball, 34D, EV 96.2 MPH)
Batting: RHB Dave Horn 0-0: Fly out, F7 (Flyball, 7S, EV 83.8 MPH)
Top of the 7th over - 0 runs, 1 hit, 0 errors, 1 left on base; Grand Forks 1 - Kennesaw 9
BOTTOM OF THE 7TH
Kennesaw Jets batting - Pitching for Grand Forks Caterpillars : RHP Itze Pankhurst
Pitching: LHP Tommy Tillman
Now in CF: Miguel Bravo
Batting: LHB Adrian Beard 0-0: Ball
1-0: Ball
2-0: Ball
3-0: Called Strike
3-1: Base on Balls
Batting: RHB Wally Harrison 0-0: Called Strike
0-1: Foul Ball, location: 2F
0-2: Ball
1-2: Ball
2-2: Foul Ball, location: 2F
2-2: Ball
3-2: Strikes out swinging
Batting: LHB José Costa 0-0: Ball
1-0: Fielders Choice at 2nd, 1-6 (Groundball, P, EV 81.2 MPH)
Batting: RHB Jack Plumb 0-0: Foul Ball, location: 2F
0-1: SINGLE (Groundball, 56D, EV 94.4 MPH)
José Costa to second
Batting: RHB Will Gamble 0-0: Ball
1-0: Ball
2-0: Ball
3-0: Base on Balls
José Costa to third
Jack Plumb to second
Batting: RHB Pancho Hernández 0-0: Called Strike
0-1: Called Strike
0-2: Ball
1-2: Ball
2-2: Ball
3-2: Fly out, F8 (Flyball, 8LM, EV 85.6 MPH)
Bottom of the 7th over - 0 runs, 1 hit, 0 errors, 3 left on base; Grand Forks 1 - Kennesaw 9
TOP OF THE 8TH
Grand Forks Caterpillars batting - Pitching for Kennesaw Jets : LHP Greg Stengel
Batting: LHB António Cruz 0-0: Ball
1-0: Foul Ball, location: 2F
1-1: Ball
2-1: SINGLE (Groundball, 4D, EV 99.4 MPH)
Batting: LHB Jorge Cruz 0-0: Foul Ball, location: 2F
0-1: Swinging Strike
0-2: Ball
1-2: Fly out, F7 (Line Drive, 7, EV 105.0 MPH)
Pinch Hitting: LHB Mike Washington 0-0: Hit by Pitch
António Cruz to second
Batting: SHB Tomás Sánchez 0-0: Ball
1-0: Foul Ball, location: 2F
1-1: Ball
2-1: SINGLE (Groundball, 4MD, EV 99.4 MPH)
António Cruz to third
Mike Washington to second
Runner from 3rd tries for Home, SAFE, no throw by CF
Pinch Hitting: SHB Kung Wan 0-0: Ball
1-0: Ball
2-0: Foul Ball, location: 2F
2-1: Foul Ball, location: 2F
2-2: Ball
3-2: Strikes out looking
Batting: RHB Markus Lindsey 0-0: Foul Ball, location: 2F
0-1: Ball
1-1: SINGLE (Line Drive, 89S, EV 106.2 MPH)
Mike Washington to third
Tomás Sánchez to second
Batting: RHB Miguel Bravo 0-0: Ball
1-0: Ball
2-0: Foul Ball, location: 2F
2-1: Called Strike
2-2: Ball
3-2: Base on Balls
Mike Washington scores
Tomás Sánchez to third
Markus Lindsey to second
Pitching: RHP Bruce Mitchell
Batting: RHB Cliff Riley 0-0: Swinging Strike
0-1: Foul Ball, location: 2F
0-2: SINGLE (Line Drive, 4D, EV 106.9 MPH)
Tomás Sánchez scores
Markus Lindsey to third
Miguel Bravo to second
Runner from 3rd tries for Home, SAFE, throw by RF to home
Batting: RHB Dave Horn 0-0: Called Strike
0-1: Foul Ball, location: 2F
0-2: Strikes out looking
Top of the 8th over - 4 runs, 4 hits, 0 errors, 2 left on base; Grand Forks 5 - Kennesaw 9
BOTTOM OF THE 8TH
Kennesaw Jets batting - Pitching for Grand Forks Caterpillars : LHP Tommy Tillman
Now at 1B: Mike Washington
Now in LF: Henri de Beeld
Batting: RHB Rubén Nuañez 0-0: Ball
1-0: Ball
2-0: Ball
3-0: Called Strike
3-1: Swinging Strike
3-2: Strikes out looking
Batting: LHB Steve Hodge 0-0: Called Strike
0-1: Swinging Strike
0-2: Ball
1-2: Foul Ball, location: 2F
1-2: Ball
2-2: Foul Ball, location: 2F
2-2: Ball
3-2: TRIPLE (Flyball, 9LD, EV 94.4 MPH)
Pitching: LHP Addy van Katwijk
Batting: RHB Pepe Rodríguez 0-0: Fly out, F7 (Flyball, 7, EV 97.5 MPH)
Runner from 3rd tags up, OUT at HOME! 7-2
Bottom of the 8th over - 0 runs, 1 hit, 0 errors, 0 left on base; Grand Forks 5 - Kennesaw 9
TOP OF THE 9TH
Grand Forks Caterpillars batting - Pitching for Kennesaw Jets : RHP Bruce Mitchell
Batting: LHB António Cruz 0-0: Swinging Strike
0-1: SINGLE (Groundball, 56D, EV 108.8 MPH)
Batting: LHB Jorge Cruz 0-0: Ball
1-0: Called Strike
1-1: Swinging Strike
1-2: DOUBLE (Line Drive, 9LS, EV 89.4 MPH)
António Cruz to third
Pitching: RHP Britt Casey
Batting: LHB Mike Washington 0-0: Foul Ball, location: 2F
0-1: Ball
1-1: Ball
2-1: Called Strike
2-2: Foul Ball, location: 2F
2-2: Foul Ball, location: 2F
2-2: SINGLE (Line Drive, 34, EV 94.4 MPH)
António Cruz scores
Jorge Cruz to third
Batting: SHB Tomás Sánchez 0-0: Foul Ball, location: 2F
0-1: Fly out, F3 (Popup, 34S, EV 76.9 MPH)
Batting: LHB Henri de Beeld 0-0: Ball
1-0: Foul Ball, location: 2F
1-1: Ball
2-1: Foul Ball, location: 2F
2-2: Foul Ball, location: 2F
2-2: Ball
3-2: Fly out, F5 (Popup, 56, EV 81.9 MPH)
Pinch Hitting: LHB Oscar Finley 0-0: Ball
1-0: Ball
2-0: Fielders Choice at 2nd, U6 (Groundball, 6M, EV 103.8 MPH)
Top of the 9th over - 1 run, 3 hits, 0 errors, 2 left on base; Grand Forks 6 - Kennesaw 9
Friday, March 26th, 2021 - OOTP Baseball 20.8 Build 74